 Dungeon Crawl Stone Soup version 0.27-a0-1071-ga85bd9520d (console) character file.

Game seed: 8890732429486650520

58 nht the Firebug (level 3, 0/24 HPs)
             Began as a Demonspawn Fire Elementalist on Apr 24, 2021.
             Slain by Grinder (4 damage)
             ... while paralysed by Grinder
             ... on level 3 of the Dungeon.
             The game lasted 00:03:36 (2064 turns).

nht the Firebug (Demonspawn Fire Elementalist)      Turns: 2064, Time: 00:03:37

Health: 0/24       AC:  5    Str:  8    XL:     3   Next: 76%
Magic:  1/6        EV:  2    Int: 17    God:
Gold:   43         SH:  0    Dex: 13    Spells: 5/6 levels left

rFire    . . .     SeeInvis .   h - +0 spear
rCold    . . .     Faith    .   (no shield)
rNeg     . . .     Spirit   .   a - +0 robe
rPois    .         Reflect  .   e - +0 helmet
rElec    .         Harm     .   (no cloak)
rCorr    .         Rampage  .   (no gloves)
Will     .....                  (no boots)
Stlth    ++........             l - amulet of regeneration
HPRegen  1.08/turn              (no ring)
MPRegen  0.10/turn              (no ring)

@: paralysed
A: slimy green scales 1
a: no special abilities


You were on level 3 of the Dungeon.
You visited 1 branch of the dungeon, and saw 3 of its levels.

You collected 43 gold pieces.

Inventory:

Hand Weapons
 h - a +0 spear (weapon)
Armour
 a - a +0 robe (worn)
 e - a +0 helmet (worn)
Jewellery
 l - an amulet of regeneration (around neck)
Scrolls
 f - a scroll of immolation {unknown}
 n - a scroll of enchant weapon {unknown}
Potions
 c - a potion of ambrosia
 g - 2 potions of curing
 j - a potion of mutation
 k - a potion of might {unknown}
 m - 2 potions of haste {unknown}
 o - a potion of flight {unknown}


   Skills:
 - Level 1.7 Dodging
 - Level 1.7 Stealth
 - Level 2.0 Spellcasting
 + Level 2.6 Conjurations
 + Level 3.6 Fire Magic


You had 5 spell levels left.
You knew the following spells:

 Your Spells              Type           Power      Damage    Failure   Level
a - Foxfire               Conj/Fire      48%        2x1d6     5%          1

Your spell library contained the following spells:

 Spells                   Type           Power      Damage    Failure   Level
 Conjure Flame            Conj/Fire      12%        6-21      16%         3
 Sandblast                Erth           2%         2d4       19%         1
 Passwall                 Tmut/Erth      0%         N/A       28%         2
 Inner Flame              Hex/Fire       7%         N/A       28%         3
 Stone Arrow              Conj/Erth      12%        3d7       34%         3
 Sticky Flame             Conj/Fire      12%        2d4       47%         4
 Fireball                 Conj/Fire      6%         3d5       83%         5
 Petrify                  Tmut/Erth      1%         N/A       88%         4
 Lee's Rapid Deconstruct  Erth           0%         3d5*      99%         5


Dungeon Overview and Level Annotations

Branches:
Dungeon (3/15)

Altars:

Shops:
D:2 [

Annotations:
D:3 Grinder, Natasha


Innate Abilities, Weirdness & Mutations

You are partially covered in slimy green scales. (AC +2)


Message History

The foxfire hits Grinder.
Grinder is lightly wounded.
You conjure some foxfire!
The foxfire hits Grinder.
Grinder is moderately wounded.
You conjure some foxfire!
The foxfire hits Grinder.
Grinder is moderately wounded.
The foxfire hits Grinder.
Grinder is heavily wounded.
Grinder blinks!
Unknown command.
You conjure some foxfire!
The foxfire hits Grinder.
Grinder is heavily wounded.
The foxfire hits Grinder.
Grinder is heavily wounded.
You conjure some foxfire!
Natasha, Servant of Life and Death comes into view.
The foxfire hits Natasha.
Natasha is lightly wounded.
The foxfire hits Grinder.
Grinder is severely wounded.
A bat comes into view.
The foxfire hits Natasha.
Natasha is moderately wounded.
As you read the scroll labelled SEUREI TIONTA, it crumbles to dust.
You assume a fearsome visage.
Natasha looks frightened!
Grinder is unaffected.
The bat looks frightened!
The endoplasm looks frightened!
Your foxfire is unaffected.
It was a scroll of fear.
The foxfire hits Grinder.
Grinder is severely wounded.
As you read the scroll labelled UTEUPEGAIWN, it crumbles to dust.
Your body is wracked with pain!
Natasha convulses!
The endoplasm convulses!
It was a scroll of torment.
Grinder gestures at you.
You suddenly lose the ability to move!
Grinder hits you!
* * * LOW HITPOINT WARNING * * *
Grinder hits you.
* * * LOW HITPOINT WARNING * * *
Grinder hits you.
You die...

████.....█ .(.......█
█..█.....█ ██ ██
█..█.....█ ██ J.. ...█.
█...███ .. ....
█.██████.██ .█ .....
.....█...█ .█
......███.█.███.████.█
h......@.............█
......5.██..██..██...███
..b....████....████.....
....... ██..██ ██..███
....... █..█ ██......
.........███..███...████
█████..█..........█.█
█..█..........█.█
...███..███...█


You could see Grinder, Natasha (fleeing), an endoplasm (fleeing) and a bat.

Vanquished Creatures
  An adder (D:2)
  A worm (D:2)
  2 dart slugs
  An orc (D:2)
  3 ball pythons
  7 bats
  4 endoplasms (D:1)
  A giant cockroach (D:2)
  3 goblins (D:2)
  2 hobgoblins (D:2)
  3 jackals (D:1)
  4 kobolds (D:2)
  2 frilled lizards
  2 rats (D:1)
36 creatures vanquished.

Vanquished Creatures (others)
  102 foxfires
102 creatures vanquished.

Grand Total: 138 creatures vanquished

Notes
Turn   | Place    | Note
-------+----------+-------------------------------------------
     0 | D:1      | nht the Demonspawn Fire Elementalist began the quest for
                  | the Orb.
     0 | D:1      | Reached XP level 1. HP: 13/13 MP: 3/3
   321 | D:1      | Reached skill level 3 in Fire Magic
   321 | D:1      | Gained mutation: You are partially covered in slimy green
                  | scales. (AC +2) [demonic ancestry]
   321 | D:1      | Reached XP level 2. HP: 19/19 MP: 1/5
  1018 | D:2      | Reached XP level 3. HP: 24/24 MP: 0/6
  1447 | D:2      | Found Hoiziack's Armour Emporium.
  1872 | D:2      | Found a faded altar of an unknown god.
  2052 | D:3      | Noticed Grinder
  2058 | D:3      | Noticed Natasha
  2061 | D:3      | Paralysed by Grinder for 4 turns
  2064 | D:3      | Slain by Grinder

Illustrated notes

Levels and vault maps discovered:
D:1:      eino_arrival_cavern_e, layout_basic, wad_floor_pattern_untrapped
D:2:      layout_basic, serial_shops, shop,
          hellmonk_ecumenical_altar_prayer_group, minmay_bisected
D:3:      layout_basic, palyth_stone_intersect, uniq_natasha, uniq_grinder

Skill      XL: |  1  2 |
---------------+-------+-----
Fire Magic     | 3 |  3.6
Conjurations   | 2 |  2.6
Dodging        | |  1.7
Stealth        | |  1.7
Spellcasting   | |  2.0

Action                   || total
-------------------------++-------
Melee: Spear             ||     8
       Unarmed           ||     1
 Cast: Foxfire           ||    58
  Use: Scroll            ||     5
 Stab: Sleeping          ||     2
Armor: Robe              ||     6
Dodge: Dodged            ||    20

Table legend: (Time is in decaauts)
 A = Elapsed time spent in this place.
 B = Non-inter-level travel time spent in this place.
 C = Inter-level travel time spent in this place.
 D = Time resting spent in this place.
 E = Time spent auto-exploring this place.
 F = Levels seen in this place.
 G = Mean time per level.
                   A        B        C        D        E       F      G
               +--------+--------+--------+--------+--------+-----+--------+
         Total |   2064 |   1981 |     83 |     10 |   1743 |   3 |  688.0 |
       Dungeon |   2064 |   1981 |     83 |     10 |   1743 |   3 |  688.0 |
               +--------+--------+--------+--------+--------+-----+--------+

Top non-repeatable levels by time:
     D:2: 1011 daAuts
     D:1: 993 daAuts
     D:3: 59 daAuts
